 Dungeon Crawl Stone Soup version 0.30-a0-719-gcc4359ea44 (webtiles) character file.

Game seed: 2489446071439956222

31033 jlumianski the Demonic Cataclysm (level 13, -3/106 HPs)
             Began as a Demonspawn Fighter on Jan 25, 2023.
             Was a High Priest of Qazlal.
             Slain by a centaur warrior
             ... wielding the +4 trident of the Heavens {freeze, Int+3}
              (4 damage)
             ... on level 14 of the Dungeon on Jan 26, 2023.
             The game lasted 00:54:44 (16156 turns).

jlumianski the Demonic Cataclysm (DsFi)            Turns: 16156, Time: 00:54:45

Health: -3/106     AC: 25    Str: 22    XL:     13   Next: 23%
Magic:  21/21      EV:  8    Int: 10    God:    Qazlal [*****.]
Gold:   1043       SH:  6    Dex: 12    Spells: 12/12 levels left

rFire   + . .      SeeInvis .    L - +0 war axe (venom)
rCold   . . .      Faith    .    (no shield)
rNeg    . . .      Spirit   .    a - +4 plate armour
rPois   .          Reflect  .    (helmet restricted)
rElec   .          Harm     .    G - +2 cloak
rCorr   .          Rampage  .    (no gloves)
Will    +....                    (no boots) Stlth
                                 (no amulet)
HPRegen 0.37/turn                g - ring of protection from fire
MPRegen 0.17/turn                w - ring of willpower

@: mighty, spiked, protected from physical damage, repel missiles
A: claws 2, hooves 2, horns 1, powered by pain 2, spiny 1
a: Renounce Religion, Upheaval, Elemental Force, Disaster Area


You were on level 14 of the Dungeon.
You worshipped Qazlal.
Qazlal was extremely pleased with you.
You visited 3 branches of the dungeon, and saw 17 of its levels.

You collected 1043 gold pieces.

Inventory:

Hand Weapons
 b - the +10 flail "Unolis" {venom, rC- Will+ Str-2 Int+5 Dex+2}
   (You found it on level 11 of the Dungeon)

   Str:       It affects your strength (-2).
   Int:       It affects your intelligence (+5).
   Dex:       It affects your dexterity (+2).
   rC:        It makes you vulnerable to cold.
   Will:      It increases your willpower.
 h - a +0 executioner's axe of electrocution
 L - a +0 war axe of venom (weapon)
 X - a +3 scimitar of flaming
Missiles
 l - 7 curare-tipped darts
 q - 4 throwing nets
 v - 39 poisoned darts (quivered)
 B - 11 boomerangs
 E - 5 javelins
Armour
 a - a +4 plate armour (worn)
 o - +0 fire dragon scales
 G - a +2 cloak (worn)
 I - a scarf of invisibility
Jewellery
 g - a ring of protection from fire (left claw)
 m - a ring of ice
 w - a ring of willpower (right claw)
 D - a ring of protection from cold
 Q - a ring of willpower
Wands
 K - a wand of roots (8)
 O - a wand of digging (8)
 S - a wand of flame (67)
 V - a wand of light (3)
Scrolls
 f - 2 scrolls of identify
 k - 2 scrolls of fog
 n - a scroll of enchant weapon
 p - 5 scrolls of teleportation
 A - a scroll of blinking
 J - 2 scrolls of magic mapping
 P - 3 scrolls of silence
 Y - a scroll of fear
Potions
 c - a potion of brilliance
 d - a potion of might
 e - a potion of mutation
 i - 10 potions of curing
 j - 3 potions of magic
 s - 3 potions of lignification
 u - 7 potions of flight
 z - 3 potions of attraction
 C - 2 potions of heal wounds
 F - 3 potions of haste
 W - a potion of berserk rage


   Skills:
 * Level 11.3 Fighting
 + Level 11.6 Axes
 + Level 1.0(7.4) Maces & Flails
 + Level 4.1 Throwing
 + Level 10.2 Armour
 + Level 3.1 Dodging
 + Level 1.8 Stealth
 - Level 3.6 Shields
 + Level 0.3 Unarmed Combat
 * Level 11.8 Invocations
 * Level 2.3 Evocations


You had 12 spell levels left.
You didn't know any spells.
Your spell library contained the following spells:

 Spells                   Type           Power      Damage    Failure   Level
 Kiss of Death            Conj/Necr      0%         2d5       99%         1
 Summon Small Mammal      Summ           0%         N/A       99%         1
 Cigotuvi's Dreadful Rot  Necr/Pois/Air  0%         N/A       100%        2
 Ensorcelled Hibernation  Hex/Ice        0%         N/A       100%        2
 Call Canine Familiar     Summ           0%         N/A       100%        3
 Confusing Touch          Hex            0%         N/A       100%        3
 Gell's Gravitas          Tloc           0%         N/A       100%        3
 Spider Form              Tmut/Pois      0%         N/A       100%        3
 Summon Guardian Golem    Hex/Summ       0%         N/A       100%        3
 Teleport Other           Tloc           0%         N/A       100%        3
 Tukima's Dance           Hex            0%         N/A       100%        3
 Anguish                  Hex/Necr       0%         N/A       100%        4
 Dispel Undead            Necr           0%         3d6       100%        4
 Olgreb's Toxic Radiance  Pois           0%         N/A       100%        4
 Passage of Golubria      Tloc           0%         N/A       100%        4
 Yara's Violent Unravell  Hex/Tmut       0%         3d3       100%        5
 Death Channel            Necr           0%         N/A       100%        6
 Dispersal                Tloc           0%         N/A       100%        6
 Ozocubu's Refrigeration  Ice            0%         4d7       100%        7
 Ignition                 Fire           0%         3d3       100%        8


Dungeon Overview and Level Annotations

Branches:
Dungeon (15/15)            Temple (1/1) D:4            Lair (1/5) D:10
    Orc (0/2) D:12         Vaults (0/5) D:13
 Depths: D:15

Altars:
Cheibriados
Dithmenos
Gozag
Kikubaaqudgha
Makhleb
Nemelex Xobeh
Qazlal
Ru
Sif Muna
Trog
Uskayaw
Vehumet
Wu Jian
Xom
Yredelemnul

Portals:
Trove: D:10 (give 8 scrolls of fear)

Annotations:
D:8 Gastronok


Innate Abilities, Weirdness & Mutations

You have very sharp fingernails.
You have hoof-like feet.
You have a pair of small horns on your head.
You sometimes gain power by taking damage.
You are partially covered in sharp spines.


Message History

The centaur warrior wields a +0 longbow.
The centaur warrior shoots an arrow.
You block the arrow.
You see here a manticore corpse.
The barbed spikes dig painfully into your body as you move.
The barbed spikes dig painfully into your body as you move.
The centaur warrior shoots an arrow.
The arrow barely misses you.
The centaur warrior shoots an arrow.
The arrow hits you!
The barbed spikes dig painfully into your body as you move.
The centaur warrior shoots an arrow.
You block the arrow.
The barbed spikes dig painfully into your body as you move.
The centaur warrior shoots an arrow.
The arrow hits you!
The barbed spikes dig painfully into your body as you move.
A manticore comes into view.
The barbed spikes dig painfully into your body as you move.
The centaur warrior shoots an arrow.
The arrow hits you!
* * * LOW HITPOINT WARNING * * *
You focus on the pain.
You feel very mighty all of a sudden.
The barbed spikes dig painfully into your body as you move.
* * * LOW HITPOINT WARNING * * *
The centaur warrior shoots an arrow.
The arrow hits you!
* * * LOW HITPOINT WARNING * * *
The barbed spikes dig painfully into your body as you move.
* * * LOW HITPOINT WARNING * * *
The centaur warrior unwields a +0 longbow.
The centaur warrior wields the +4 trident of the Heavens {freeze, Int+3}.
It glows with a cold blue light!
The centaur warrior is struck by your spines.
The centaur warrior hits you with the +4 trident of the Heavens {freeze, Int+3}.
* * * LOW HITPOINT WARNING * * *
You feel protected from physical attacks.
The centaur warrior freezes you.
* * * LOW HITPOINT WARNING * * *
The centaur warrior kicks you but does no damage.
The manticore is struck by lightning.
The manticore bites you.
* * * LOW HITPOINT WARNING * * *
The manticore claws you but does no damage. x2
The centaur warrior is struck by your spines.
The centaur warrior hits you with the +4 trident of the Heavens {freeze, Int+3}.
You die...

#....#...# . .. .#
#........#.......##
....#.#.#.#.#....##
. .......#.....
...##..
......#...#^.....'..
#........... ....#
#.###...#####H...#
#......°....@c...#
#.##.....☼#...#..#
#.#####.......# .#
#.# #...#°#.# #.#
#...†...# #.#
###.....# #.#
#......... #.#
##...###.. #####.#
##..# .


You could see a centaur warrior and a manticore.

Vanquished Creatures
  Rupert (D:12)
  A fire dragon (D:14)
  A hydra (D:14)
  2 catoblepae (D:14)
  2 centaur warriors (D:13)
  3 two-headed ogres
  Erica (D:10)
  2 boulder beetles
  4 skeletal warriors
  Pikel (D:4)
  A necromancer (D:13)
  4 deep elf pyromancers
  4 cyclopes
  4 manticores
  A gargoyle (D:12)
  A kobold demonologist (D:13)
  2 unseen horrors
  Psyche (D:12)
  3 komodo dragons
  4 trolls
  Prince Ribbit (D:6)
  Grinder (D:6)
  5 slime creatures
  A shadow (D:10)
  Sigmund (D:2)
  3 wyverns
  Grum (D:8)
  Eustachio (D:4)
  6 yaks
  A basilisk (D:13)
  Menkaure (D:6)
  A steam dragon (D:7)
  18 vampire mosquitoes
  An acid dragon (D:11)
  4 orc warriors
  A water moccasin (D:9)
  An ice beast (D:5)
  A sky beast (D:8)
  5 black bears
  2 ogres
  4 wolves
  3 phantoms
  5 centaurs
  2 kobold brigands (D:8)
  3 bullfrogs
  2 gnoll sergeants
  3 scorpions
  9 wights
  12 killer bees
  5 howler monkeys
  A jelly (D:6)
  3 hounds
  12 orc priests
  Crazy Yiuf (D:4)
  2 gnoll boudas
  Natasha (thrice) (D:4)
  Terence (D:3)
  2 iguanas
  4 orc wizards
  Robin (D:3)
  24 gnolls
  11 adders
  A shadow imp (D:7)
  3 dart slugs
  49 orcs
  7 bats
  7 endoplasms
  4 giant cockroaches
  19 hobgoblins
  16 kobolds
  3 quokkas
  5 ball pythons
  6 frilled lizards
  16 goblins
  7 rats
355 creatures vanquished.

Vanquished Creatures (collateral kills)
  A two-headed ogre (D:8)
  A manticore (D:12)
2 creatures vanquished.

Vanquished Creatures (others)
  36 fungi (D:10)
  42 plants (D:10)
78 creatures vanquished.

Grand Total: 435 creatures vanquished

Notes
Turn   | Place    | Note
-------+----------+-------------------------------------------
     0 | D:1      | jlumianski the Demonspawn Fighter began the quest for the
                  | Orb.
     0 | D:1      | Reached XP level 1. HP: 18/18 MP: 1/1
    90 | D:1      | Gained mutation: You are partially covered in sharp spines.
                  | [demonic ancestry]
    90 | D:1      | Reached XP level 2. HP: 20/24 MP: 2/2
   302 | D:1      | Discovered your monstrous ancestry.
   302 | D:1      | Gained mutation: You have sharp fingernails. [demonic
                  | ancestry]
   302 | D:1      | Reached XP level 3. HP: 28/29 MP: 3/3
   412 | D:3      | Noticed Robin
   460 | D:3      | Killed Robin
   748 | D:2      | Reached XP level 4. HP: 28/35 MP: 4/4
  1135 | D:2      | Found a sparkling altar of Nemelex Xobeh.
  1137 | D:2      | Noticed Sigmund
  1165 | D:2      | Killed Sigmund
  1166 | D:2      | Reached skill level 1 in Dodging
  1166 | D:2      | Gained mutation: You have a pair of small horns on your
                  | head. [demonic ancestry]
  1166 | D:2      | Reached XP level 5. HP: 42/42 MP: 5/5
  1581 | D:1      | Gained mutation: You sometimes gain a little power by
                  | taking damage. [demonic ancestry]
  1581 | D:1      | Reached XP level 6. HP: 46/48 MP: 6/6
  2327 | D:3      | Noticed Terence
  2358 | D:3      | Killed Terence
  2392 | D:3      | Found a sacrificial altar of Ru.
  2821 | D:3      | Found an ornate altar of the Wu Jian Council.
  2944 | D:4      | Found a staircase to the Ecumenical Temple.
  2972 | Temple   | Entered the Ecumenical Temple
  2981 | Temple   | Became a worshipper of Qazlal Stormbringer
  3003 | D:4      | Noticed Eustachio
  3017 | D:4      | Reached skill level 1 in Throwing
  3017 | D:4      | Reached XP level 7. HP: 25/55 MP: 7/7
  3024 | D:4      | Killed Eustachio
  3025 | D:4      | Reached skill level 1 in Invocations
  3065 | D:5      | Entered Level 5 of the Dungeon
  3071 | D:4      | Reached skill level 5 in Axes
  3072 | D:4      | Reached skill level 5 in Fighting
  3385 | D:4      | Noticed Natasha
  3394 | D:4      | Killed Natasha
  3425 | D:4      | Noticed Natasha
  3430 | D:4      | Killed Natasha
  3533 | D:4      | Found a runed translucent door.
  3534 | D:4      | Noticed Crazy Yiuf
  3658 | D:4      | Noticed Pikel
  3670 | D:4      | Killed Pikel
  3671 | D:4      | Gained mutation: You have very sharp fingernails. [demonic
                  | ancestry]
  3671 | D:4      | Reached XP level 8. HP: 40/63 MP: 8/10
  3779 | D:4      | Noticed Natasha
  3786 | D:4      | Killed Natasha
  3852 | D:4      | Killed Crazy Yiuf
  4324 | D:6      | Reached * piety under Qazlal
  4345 | D:5      | Reached skill level 5 in Armour
  4400 | D:6      | Noticed Grinder
  4412 | D:6      | Paralysed by Grinder for 4 turns
  4429 | D:6      | Killed Grinder
  4430 | D:6      | Reached XP level 9. HP: 24/69 MP: 12/12
  4735 | D:5      | Reached skill level 5 in Invocations
  5335 | D:6      | Noticed Prince Ribbit
  5342 | D:6      | Killed Prince Ribbit
  5655 | D:6      | HP: 1/72 [orc warrior/+0 glaive (8)]
  5747 | D:6      | Noticed Menkaure
  5748 | D:6      | Reached ** piety under Qazlal
  5967 | D:6      | Killed Menkaure
  6186 | D:6      | Found a shadowy altar of Dithmenos.
  6564 | D:7      | HP: 3/65 [wight/+0 great sword (8)]
  6572 | D:6      | HP: 3/62 [wight/+0 great sword (5)]
  6572 | D:6      | HP: 1/60 [wight/+0 great sword (2)]
  6773 | D:5      | Gained mutation: You have large cloven feet. [demonic
                  | ancestry]
  6773 | D:5      | Reached XP level 10. HP: 61/65 MP: 14/14
  8020 | D:8      | Noticed Gastronok
  8111 | D:8      | Reached *** piety under Qazlal
  8433 | D:9      | Noticed Grum
  8455 | D:8      | Killed Grum
  8701 | D:10     | Entered Level 10 of the Dungeon
  9278 | D:10     | Noticed a two-headed ogre
  9540 | D:8      | Killed a two-headed ogre
  9812 | D:11     | Noticed a manticore
 10042 | D:10     | Gained mutation: You have hoof-like feet. [demonic
                  | ancestry]
 10042 | D:10     | Reached XP level 11. HP: 67/87 MP: 17/17
 10272 | D:10     | Noticed Erica
 10282 | D:10     | Killed Erica
 10357 | D:10     | Found a staircase to the Lair.
 10390 | D:10     | Found a portal to a secret trove of treasure.
 10420 | D:10     | Noticed a two-headed ogre
 10440 | D:10     | Killed a two-headed ogre
 10538 | D:10     | Reached **** piety under Qazlal
 10552 | D:10     | Found a hide-covered altar of Uskayaw.
 11230 | D:12     | Noticed Rupert
 11521 | D:10     | Found a shimmering blue altar of Sif Muna.
 11711 | Lair:1   | Entered Level 1 of the Lair of Beasts
 11789 | D:11     | Identified the +10 flail "Unolis" {venom, rC- Will+ Str-2
                  | Int+5 Dex+2}
 11861 | D:11     | Noticed a two-headed ogre
 11872 | D:11     | Killed a two-headed ogre
 12193 | D:11     | Reached skill level 10 in Axes
 12196 | D:12     | Noticed Psyche
 12208 | D:11     | Reached skill level 10 in Fighting
 12375 | D:12     | Killed Psyche
 12386 | D:11     | Gained mutation: You sometimes gain power by taking damage.
                  | [demonic ancestry]
 12386 | D:11     | Reached XP level 12. HP: 48/97 MP: 19/19
 12387 | D:11     | Reached skill level 10 in Invocations
 12612 | D:12     | Noticed a boulder beetle
 12629 | D:12     | Killed a boulder beetle
 12642 | D:12     | Killed Rupert
 12978 | D:12     | Reached ***** piety under Qazlal
 13096 | D:13     | Noticed a centaur warrior
 13188 | D:12     | Reached skill level 1 in Stealth
 13316 | D:12     | Found a staircase to the Orcish Mines.
 13385 | D:12     | Upgraded the game from 0.30-a0-715-gdb4ae3ece1 to
                  | 0.30-a0-719-gcc4359ea44
 13671 | D:13     | Killed a centaur warrior
 13831 | D:13     | Noticed a centaur warrior
 13846 | D:13     | Killed a centaur warrior
 14171 | D:13     | Found a faded altar of an unknown god.
 14175 | D:14     | Noticed a five-headed hydra
 14183 | D:14     | Killed a five-headed hydra
 14377 | D:13     | Noticed a two-headed ogre
 14381 | D:13     | Killed a two-headed ogre
 14639 | D:13     | Found a gate to the Vaults.
 14805 | D:14     | HP: 5/100 [skeletal warrior/+0 glaive (5)]
 14811 | D:13     | Reached skill level 10 in Armour
 15059 | D:13     | Reached skill level 1 in Maces & Flails
 15059 | D:13     | Reached skill level 1 in Evocations
 15059 | D:13     | Reached XP level 13. HP: 28/106 MP: 21/21
 15483 | D:15     | Entered Level 15 of the Dungeon
 15593 | D:14     | Noticed a fire dragon
 15607 | D:14     | Killed a fire dragon
 16148 | D:14     | Identified the +4 trident of the Heavens {freeze, Int+3}
 16156 | D:14     | HP: 5/106 [barbs]
 16156 | D:14     | HP: 1/106 [manticore (2)]
 16156 | D:14     | Slain by a centaur warrior

Illustrated notes

Levels and vault maps discovered:
D:1:      tekkud_arrival_beachfront_property, layout_loops_ring,
          minmay_tetromino_s2
D:2:      kb_forest_paths, layout_basic, serial_co_window_serial,
          co_window_cross_1, co_window_paths_a, co_window_corner_a,
          co_window_of_opportunity_a, co_window_paths_a, co_window_corner_a,
          co_window_corner_a, co_window_paths_a, co_window_corner_a,
          co_window_of_opportunity_b, co_window_paths_c, co_window_corner_b,
          basic_altar, uniq_sigmund
D:3:      layout_rooms, mainiacjoe_overflow_catwalk, nicolae_ru_awakened_eye,
          minmay_goblin_kobold_house, uniq_terence, uniq_robin
D:4:      layout_basic, minmay_temple_entry_tees, uniq_crazy_yiuf_cottage,
          uniq_natasha, uniq_pikel, uniq_eustachio
D:5:      layout_basic, nicolae_figureground_pulse
D:6:      layout_cave_pools, grunt_dithmenos_smoke_and_mirrors,
          uniq_prince_ribbit1, uniq_menkaure, uniq_grinder
D:7:      layout_cave_pools, nicolae_overflow_hidden_temple
D:8:      layout_loops_corners, hangedman_decor_diamond_cutter, uniq_gastronok
D:9:      kennysheep_six_static_rooms, layout_loops_ring,
          mainiacjoe_overflow_small_starburst, hangedman_tell_no_tales,
          uniq_grum
D:10:     layout_loops_ring, mainiacjoe_overflow_six_doors_small,
          nicolae_uskayaw_dance_hall, kennysheep_mini_moat,
          due_lair_maze_entry_diamond, enter_trove_1, grunt_ministairs_7,
          minmay_starry_boxes, uniq_erica
D:11:     layout_rooms
D:12:     layout_cave_pools, hiddenorc2_lemuel, uniq_psyche, uniq_rupert
D:13:     layout_cave_pools, david_vaults_1, serial_column_ruins,
          column_ruins_temple_circle, column_ruins_grid_1,
          column_ruins_open_medium, column_ruins_corridor_straight,
          column_ruins_columns_plus, column_ruins_grid_1,
          column_ruins_corridor_T
D:14:     layout_loops_corners, hangedman_decor_lopped
D:15:     hangedman_depths_entry_civil_slaughter, layout_rooms, serial_shops,
          shop_fountains, chequers_decorated_corner
Temple:   cyrus_circular_temple
Lair:1:   layout_small_grid, dreamdust_wasp_nest

Skill      XL: |  1  2  3  4  5  6  7  8  9 10 11 12 13 |
---------------+----------------------------------------+-----
Axes           | 2 3 4 5 6 7 9 10 11 | 11.6
Armour         | 3 4 5 6 7 9 10 | 10.2
Shields        | 3 |  3.6
Fighting       | 4 5 6 7 8 10 11 | 11.3
Dodging        | 1 2 3 |  3.1
Throwing       | 1 2 3 4 |  4.1
Invocations    | 3 4 6 8 9 11 | 11.8
Stealth        | 1 |  1.8
Maces & Flails | 1 |  1.0
Evocations     | 1 2 |  2.3
Unarmed Combat | |  0.3

Action                     |  1- 3 |  4- 6 |  7- 9 | 10-12 | 13-15 || total
---------------------------+-------+-------+-------+-------+-------++-------
  Melee: War axe           |    68 |    99 |   177 |   421 |    48 ||   813
         Unarmed           |       |     6 |       |       |       ||     6
         Headbutt          |       |    11 |    34 |   101 |    16 ||   162
         Punch             |       |       |     1 |     4 |     1 ||     6
         Kick              |       |       |       |   159 |    26 ||   185
         Flail             |       |       |       |     6 |       ||     6
  Throw: Stone             |       |     1 |       |       |       ||     1
         Dart              |       |     9 |       |    16 |       ||    25
         Javelin           |       |     5 |     7 |       |       ||    12
         Throwing net      |       |     1 |       |       |       ||     1
         Boomerang         |       |       |    15 |    10 |       ||    25
 Invoke: Elemental Force   |       |       |       |     2 |       ||     2
         Upheaval          |       |       |       |     1 |       ||     1
  Evoke: Wand              |       |       |     1 |     5 |       ||     6
    Use: Scroll            |       |    12 |     9 |     3 |       ||    24
         Potion            |       |     2 |     3 |     1 |       ||     6
   Stab: Invisible         |       |       |       |     1 |       ||     1
         Petrified         |       |       |       |       |     7 ||     7
         Petrifying        |       |       |       |       |     1 ||     1
 Armour: Scale mail        |    47 |    36 |    90 |       |       ||   173
         Skin              |       |     1 |       |       |       ||     1
         Chain mail        |       |       |       |    52 |       ||    52
         Plate armour      |       |       |       |   284 |    32 ||   316
  Dodge: Dodged            |    28 |    42 |   111 |   222 |     8 ||   411
         Repelled          |       |       |       |     5 |       ||     5
  Block: Buckler           |    23 |    29 |     7 |       |       ||    59
         Other             |       |       |     6 |   137 |    11 ||   154

Table legend: (Time is in decaauts)
 A = Elapsed time spent in this place.
 B = Non-inter-level travel time spent in this place.
 C = Inter-level travel time spent in this place.
 D = Time resting spent in this place.
 E = Time spent auto-exploring this place.
 F = Levels seen in this place.
 G = Mean time per level.
                   A        B        C        D        E       F      G
               +--------+--------+--------+--------+--------+-----+--------+
         Total |  16316 |  15878 |    438 |   3184 |   8440 |  17 |  959.8 |
       Dungeon |  16296 |  15859 |    437 |   3184 |   8440 |  15 | 1086.4 |
        Temple |     18 |     18 |      0 |      0 |      0 |   1 |   18.0 |
          Lair |      1 |      1 |      0 |      0 |      0 |   1 |    1.0 |
               +--------+--------+--------+--------+--------+-----+--------+

Top non-repeatable levels by time:
     D:8: 2082 daAuts
    D:10: 1553 daAuts
    D:13: 1447 daAuts
     D:2: 1433 daAuts
    D:12: 1267 daAuts
     D:5: 1241 daAuts
     D:6: 1206 daAuts
    D:11: 1196 daAuts
     D:7: 1050 daAuts
     D:4: 1045 daAuts
    D:14: 946 daAuts
     D:1: 828 daAuts
     D:3: 779 daAuts
     D:9: 215 daAuts
  Temple: 18 daAuts
